 Dungeon Crawl Stone Soup version 0.21.1-1-g345015fe64 (webtiles) character file.

654 LevaFresel the Bolt Thrower (level 7, -3/43 HPs)
             Began as a Kobold Hunter on June 11, 2018.
             Was an Initiate of Okawaru.
             Slain by Grinder (7 damage)
             ... on level 5 of the Dungeon.
             The game lasted 00:21:01 (5134 turns).

LevaFresel the Bolt Thrower (Kobold Hunter)         Turns: 5134, Time: 00:21:01

Health: -3/43      AC:  5    Str: 11    XL:     7   Next: 84%
Magic:  7/7        EV: 15    Int: 12    God:    Okawaru [......]
Gold:   124        SH:  0    Dex: 16    Spells: 6/6 levels left

rFire    . . .     SeeInvis .   b - +0 short sword
rCold    . . .     Gourm    .   (shield restricted)
rNeg     . . .     Faith    .   g - +0 ring mail
rPois    .         Spirit   .   (no helmet)
rElec    .         Reflect  .   (no cloak)
rCorr    .         Harm     .   (no gloves)
MR       .....                  (no boots)
Stlth    +.........             (no amulet)
HPRegen  0.14/turn              (no ring)
MPRegen  0.10/turn              (no ring)

@: no status effects
A: small, carnivore
a: Renounce Religion


You were on level 5 of the Dungeon.
You worshipped Okawaru.
Okawaru was noncommittal.
You were very full.

You visited 1 branch of the dungeon, and saw 6 of its levels.

You collected 124 gold pieces.

Inventory:

Hand Weapons
 a - a +1 hand crossbow
 b - a +0 short sword (weapon)
Missiles
 l - a stone (quivered)
Armour
 g - a +0 ring mail (worn)
Wands
 u - a wand of disintegration (2)
Scrolls
 c - 2 scrolls of teleportation {unknown}
 h - a scroll of identify
 n - 2 scrolls of immolation {unknown}
 t - a scroll of enchant armour {unknown}
Potions
 d - a potion of flight {unknown}
 e - a potion of heal wounds {unknown}
 i - a potion of agility {unknown}
 j - 3 potions of lignification
 m - a potion of cancellation {unknown}
 o - a potion of mutation {unknown}
 q - 2 potions of brilliance
 r - a potion of haste {unknown}
 s - a potion of resistance {unknown}
Comestibles
 f - 10 rations


   Skills:
 + Level 4.1 Fighting
 + Level 3.8 Short Blades
 * Level 7.3 Crossbows
 + Level 2.3 Armour
 + Level 4.5 Dodging
 - Level 1.3 Stealth
 + Level 0.4 Invocations
 + Level 0.6 Evocations


You had 6 spell levels left.
You didn't know any spells.

Dungeon Overview and Level Annotations

Branches:
Dungeon (6/15)
 Temple: D:4-7

Altars:
Cheibriados
Makhleb
Okawaru
Ru

Annotations:
D:5 Grinder, Sigmund


Innate Abilities, Weirdness & Mutations

You are small and have problems with some larger weapons.
You are carnivorous and can eat meat at any time.


Message History

You closely miss Grinder.
Grinder is almost dead.
Grinder hits you but does no damage.
You closely miss Grinder.
Grinder is almost dead.
Grinder hits you.
You writhe in agony.
Aiming: Disintegrate
Press: ? - help, Shift-Dir - straight line, f/p - Grinder
Aim: Grinder (almost dead, chance to defeat MR: 68%) Grinder struggles to resist.
Grinder says, "DUCK!"
Grinder hits you!
* * * LOW HITPOINT WARNING * * *
You writhe in agony.
* * * LOW HITPOINT WARNING * * *
Aiming: Disintegrate
Press: ? - help, Shift-Dir - straight line, f/p - Grinder
Aim: Grinder (almost dead, chance to defeat MR: 68%) Grinder struggles to resist.
Grinder hits you!
You die...

#.#. ## #.>......
>....... ...
#...#.#######...
...........#...
...............
##########.#............
.......@5(((..[.........
##########.########.....
#..............
#.#########.... #.#
#.... #.# ####...# ..#
......... #.# ........#
... .........#


You could see Grinder.

Vanquished Creatures
  2 ogres (D:5)
  A phantom (D:5)
  A bullfrog (D:4)
  A jelly (D:5)
  A hound (D:6)
  An orc wizard (D:3)
  Natasha (twice) (D:2)
  A worker ant (D:4)
  6 adders
  An adder skeleton (D:4)
  4 worms
  2 dart slugs
  5 orcs
  13 bats
  12 giant cockroaches
  6 hobgoblins
  6 jackals
  7 kobolds
  2 ball pythons
  A frilled lizard (D:3)
  9 goblins
  8 rats
92 creatures vanquished.

Notes
Turn   | Place    | Note
-------+----------+-------------------------------------------
     0 | D:1      | LevaFresel the Kobold Hunter began the quest for the Orb.
     0 | D:1      | Reached XP level 1. HP: 12/12 MP: 1/1
    46 | D:1      | Reached skill level 5 in Crossbows
   222 | D:1      | Reached XP level 2. HP: 16/17 MP: 2/2
   480 | D:2      | Reached skill level 1 in Short Blades
   909 | D:2      | Reached XP level 3. HP: 22/22 MP: 3/3
  1388 | D:2      | Reached XP level 4. HP: 27/27 MP: 4/4
  1568 | D:2      | Reached skill level 1 in Armour
  1956 | D:3      | Found a burning altar of Makhleb.
  2283 | D:2      | Noticed Natasha
  2295 | D:2      | Killed Natasha
  2295 | D:2      | Reached XP level 5. HP: 10/32 MP: 5/5
  2372 | D:2      | Noticed Natasha
  2375 | D:2      | Killed Natasha
  2665 | D:3      | Reached skill level 6 in Crossbows
  2684 | D:3      | Found an iron altar of Okawaru.
  2687 | D:3      | Became a worshipper of Warmaster Okawaru
  2881 | D:3      | Found a faded altar of an unknown god.
  3020 | D:3      | Found a sacrificial altar of Ru.
  3662 | D:4      | Reached XP level 6. HP: 37/37 MP: 6/6
  4182 | D:5      | Entered Level 5 of the Dungeon
  4314 | D:4      | Found a snail-covered altar of Cheibriados.
  4518 | D:5      | Noticed an ogre
  4527 | D:5      | Killed an ogre
  4527 | D:5      | Reached XP level 7. HP: 42/42 MP: 7/7
  4597 | D:4      | HP: 3/63 [jackal (1)]
  4598 | D:4      | Reached skill level 7 in Crossbows
  5087 | D:5      | Noticed Sigmund
  5113 | D:5      | Noticed Grinder
  5134 | D:5      | Slain by Grinder

Skill      XL: |  1  2  3  4  5  6  7 |
---------------+----------------------+-----
Crossbows      | 5 6 7 |  7.3
Short Blades   | 1 2 3 |  3.8
Dodging        | 3 4 |  4.5
Armour         | 1 2 |  2.3
Fighting       | 3 4 |  4.1
Stealth        | |  1.3
Invocations    | |  0.4
Evocations     | |  0.6

Action                   |  1- 3 |  4- 6 |  7- 9 || total
-------------------------+-------+-------+-------++-------
Melee: Short sword       |    52 |   153 |    52 ||   257
 Fire: Hand crossbow     |    53 |    72 |     9 ||   134
Throw: Stone             |       |     8 |     2 ||    10
Evoke: Wand              |       |     1 |     6 ||     7
  Use: Scroll            |       |     6 |       ||     6
       Potion            |       |       |     4 ||     4
 Stab: Sleeping          |       |     1 |       ||     1
  Eat: Chunk             |    10 |    10 |     1 ||    21
Armor: Leather armour    |    17 |     9 |       ||    26
       Ring mail         |       |    32 |    19 ||    51
       Skin              |       |       |     9 ||     9
Dodge: Dodged            |    55 |   176 |    61 ||   292
